 Dungeon Crawl Stone Soup version 0.20.1-1-g8b1a95d (webtiles) character file.

564 Ceann the Slasher (level 7, -14/52 HPs)
             Began as a Demonspawn Gladiator on Sept 24, 2017.
             Killed from afar by Dowan (15 damage)
             ... with a shard of ice
             ... on level 5 of the Dungeon.
             The game lasted 00:07:23 (3262 turns).

Ceann the Slasher (Demonspawn Gladiator)            Turns: 3262, Time: 00:07:24

Health: -14/52     AC:  6    Str: 15    XL:     7   Next: 10%
Magic:  7/7        EV: 14    Int: 10    God:
Gold:   203        SH:  0    Dex: 18    Spells: 6/6 levels left

rFire    . . .     SeeInvis .   a - +0 long sword
rCold    . . .     Gourm    .   (no shield)
rNeg     . . .     Faith    .   b - +0 leather armour
rPois    .         Spirit   .   q - +0 helmet
rElec    .         Reflect  .   (no cloak)
rCorr    +         Harm     .   (no gloves)
MR       .....                  (no boots)
Stlth    ++........             (no amulet)
Regen    0.2/turn               k - +3 ring of dexterity
MPRegen  0.1/turn               l - ring of resist corrosion

@: no status effects
A: talons 1, molten scales 1, powered by pain 1, spiny 1
a: no special abilities


You were on level 5 of the Dungeon.
You were near starving.

You visited 1 branch of the dungeon, and saw 5 of its levels.

You collected 203 gold pieces.

Inventory:

Hand Weapons
 a - a +0 long sword (weapon)
Missiles
 d - 3 throwing nets (quivered)
Armour
 b - a +0 leather armour (worn)
 c - a +0 helmet
 q - a +0 helmet (worn)
Jewellery
 k - a +3 ring of dexterity (left hand)
 l - a ring of resist corrosion (right hand)
 w - a cursed -2 ring of strength {unknown}
 y - an uncursed amulet of regeneration {unknown}
Wands
 s - a wand of lightning (1/15)
Scrolls
 h - a scroll of blinking {unknown}
 n - 3 scrolls of remove curse {unknown}
 p - 4 scrolls of identify {unknown}
 r - a scroll of enchant armour {unknown}
 t - a scroll of immolation {unknown}
Potions
 i - a potion of resistance {unknown}
 j - a potion of haste {unknown}
 m - a potion of agility {unknown}
 o - 2 potions of berserk rage {unknown}
 v - a potion of curing {unknown}
 z - a potion of mutation {unknown}
Books
 u - a book of Minor Magic

   Spells                             Type                      Level
   a - Magic Dart                     Conjuration                  1
   b - Blink                          Translocation                2
   c - Call Imp                       Summoning                    2
   d - Slow                           Hexes                        2
   e - Conjure Flame                  Conjuration/Fire             3
   f - Mephitic Cloud                 Conjuration/Poison/Air       3
Comestibles
 f - 3 bread rations
 g - 5 royal jellies
 x - a fruit


   Skills:
 + Level 3.0 Fighting
 + Level 5.1 Long Blades
 - Level 2.0 Throwing
 * Level 3.1 Armour
 + Level 3.7 Dodging
 + Level 2.1 Stealth


You had 6 spell levels left.
You didn't know any spells.

Dungeon Overview and Level Annotations

Branches:
Dungeon (5/15)
 Temple: D:4-7

Altars:
Cheibriados
Fedhas
Hepliaklqana
Nemelex Xobeh
Uskayaw
Vehumet
Zin

Annotations:
D:5 Dowan


Innate Abilities, Weirdness & Mutations

You have sharp toenails.
You are partially covered in molten scales. (AC +2)
You sometimes gain a little power by taking damage.
You are partially covered in sharp spines.


Message History

Dowan casts a spell at you. The puff of frost misses you.
The puff of frost hits Duvessa.
You hit Duvessa but do no damage. Your kick misses Duvessa.
Duvessa is almost dead.
Duvessa is struck by your spines. Duvessa hits you with a short sword.
* * * LOW HITPOINT WARNING * * *
Duvessa hits you with a short sword.
* * * LOW HITPOINT WARNING * * *
You hit Duvessa.
You kill Duvessa!
Dowan's eyes darken. "You have made a black mistake."
Dowan seems to find hidden reserves of power!
Your Fighting skill increases to level 3!
Your Long Blades skill increases to level 5!
You have reached level 7!
Your demonic ancestry asserts itself...
You feel energised by your suffering.
Dowan points at you and mumbles some strange words.
The shard of ice hits you!
You die...

#.##.# #.##.# #.##.#
#.##.# #.##.# #.##.# #
#.##.# # #)##.# # #@##.#
###########
#e##.###..........
#.#####.............####
#........####.#####.# #
#..##########.### #.# #
#..# #.....# #.# # #..#
#.....# #.# # #..#
#.....# #.# # #..#
#.....###.## #


You could see Dowan.

Vanquished Creatures
  Menkaure (D:5)
  Duvessa (D:5)
  A sky beast (D:5)
  A scorpion (D:4)
  A crimson imp (D:5)
  An orc wizard (D:4)
  4 adders
  A gnoll (D:4)
  An ooze (D:2)
  2 worms
  4 dart slugs
  2 leopard geckos
  8 orcs
  12 bats
  A giant cockroach (D:4)
  5 goblins
  8 hobgoblins
  8 jackals
  6 kobolds
  3 quokkas
  8 frilled lizards
  A jackal skeleton (D:4)
  10 rats
90 creatures vanquished.

Notes
Turn   | Place    | Note
-------+----------+-------------------------------------------
     0 | D:1      | Ceann the Demonspawn Gladiator began the quest for the Orb.
     0 | D:1      | Reached XP level 1. HP: 16/16 MP: 1/1
   178 | D:1      | Gained mutation: You have sharp toenails. [demonic ancestry]
   178 | D:1      | Reached XP level 2. HP: 22/22 MP: 2/2
   394 | D:1      | Reached skill level 3 in Long Blades
   765 | D:2      | Found a radiant altar of Vehumet.
   777 | D:2      | Reached XP level 3. HP: 18/27 MP: 3/3
   862 | D:2      | Found a sparkling altar of Nemelex Xobeh.
   920 | D:2      | Found a snail-covered altar of Cheibriados.
   920 | D:2      | Found a blossoming altar of Fedhas.
   956 | D:2      | Found a glowing silver altar of Zin.
  1194 | D:2      | Reached skill level 1 in Armour
  1412 | D:2      | Gained mutation: You are partially covered in sharp spines. [demonic ancestry]
  1412 | D:2      | Reached XP level 4. HP: 33/33 MP: 4/4
  2017 | D:3      | Found a hide-covered altar of Uskayaw.
  2171 | D:4      | Reached skill level 1 in Stealth
  2171 | D:4      | Gained mutation: You are partially covered in molten scales. (AC +2) [demonic ancestry]
  2171 | D:4      | Reached XP level 5. HP: 39/39 MP: 5/5
  2231 | D:4      | Found a hazy altar of Hepliaklqana.
  2888 | D:5      | Entered Level 5 of the Dungeon
  2913 | D:5      | Noticed a sky beast
  2922 | D:5      | Killed a sky beast
  2922 | D:5      | Reached skill level 4 in Long Blades
  2922 | D:5      | Reached XP level 6. HP: 38/46 MP: 6/6
  3107 | D:5      | Noticed Menkaure
  3120 | D:5      | Killed Menkaure
  3232 | D:5      | Noticed Duvessa
  3238 | D:5      | Noticed Dowan
  3261 | D:5      | HP: 1/46 [Duvessa/short sword (4)]
  3262 | D:5      | Killed Duvessa
  3262 | D:5      | Reached skill level 5 in Long Blades
  3262 | D:5      | Gained mutation: You sometimes gain a little power by taking damage. [demonic ancestry]
  3262 | D:5      | Reached XP level 7. HP: 1/52 MP: 7/7
  3262 | D:5      | Killed from afar by Dowan

Skill      XL: |  1  2  3  4  5  6 |
---------------+-------------------+-----
Throwing       | 2 |  2.0
Dodging        | 3 |  3.7
Long Blades    | 3 4 5 |  5.1
Armour         | 1 2 3 |  3.1
Stealth        | 1 2 |  2.1
Fighting       | 3 |  3.0

Action                   |  1- 3 |  4- 6 |  7- 9 || total
-------------------------+-------+-------+-------++-------
Melee: Long sword        |    85 |    88 |       ||   173
       Kick              |    26 |    29 |       ||    55
  Use: Potion            |       |     2 |       ||     2
 Stab: Sleeping          |     1 |     5 |       ||     6
  Eat: Chunk             |     1 |     5 |       ||     6
Armor: Leather armour    |    23 |    30 |       ||    53
Dodge: Dodged            |    72 |    43 |       ||   115
       Rpst.: Long sword |    27 |    15 |       ||    42
